 Dungeon Crawl Stone Soup version 0.29.1-12-g30fa7ad0bf (webtiles) character file.

Game seed: 17500209954466986385

323 javelincjr the Magician (level 6, -1/40 HPs)
             Began as a Djinni Conjurer on Dec 22, 2022.
             Slain by a scorpion (5 damage)
             ... on level 3 of the Dungeon on Dec 23, 2022.
             The game lasted 00:12:50 (2509 turns).

javelincjr the Magician (Djinni Conjurer)           Turns: 2509, Time: 00:12:50

Health: -1/40      AC:  5    Str:  8    XL:     6   Next: 77%
Gold:   131        EV: 12    Int: 19    God:
                   SH:  0    Dex: 12

rFire   + + .      SeeInvis .   q - +6 club
rCold   x . .      Faith    .   (no shield)
rNeg    . . .      Spirit   .   p - +2 robe {Archmagi}
rPois   ∞          Reflect  .   (no helmet)
rElec   .          Harm     .   d - +0 cloak
rCorr   .          Rampage  .   (no gloves)
Will    .....      Archmagi +   (boots unavailable)
Stlth   ++........              (no amulet)
HPRegen 0.13/turn               (no ring)
MPRegen 0.00/turn               (no ring)

@: flying
A: sickness immunity, fire resistance 2, cold vulnerability 1, float, innate
caster, HP casting, extra vitality 1
a: no special abilities


You were on level 3 of the Dungeon.
You visited 1 branch of the dungeon, and saw 3 of its levels.

You collected 131 gold pieces.

Inventory:

Hand Weapons
 e - a +0 short sword
 o - a +0 scythe of venom
 q - a +6 club (weapon)
Missiles
 i - 11 stones
 l - 2 boomerangs (quivered)
 s - 5 javelins
Armour
 a - a +0 robe
 d - a +0 cloak (worn)
 f - an orb of guile
 p - a +2 robe of the Archmagi (worn)
Wands
 m - a wand of digging (11)
 u - a wand of light (5)
Scrolls
 g - 3 scrolls of identify {unknown}
 h - 2 scrolls of magic mapping {unknown}
 k - a scroll of enchant armour {unknown}
Potions
 b - a potion of mutation {unknown}
 c - a potion of ambrosia {unknown}
 j - a potion of curing {unknown}
 n - a potion of magic {unknown}
 r - a potion of heal wounds {unknown}
 t - a potion of resistance {unknown}


   Skills:
 + Level 0.1 Fighting
 + Level 0.1 Polearms
 + Level 0.2 Throwing
 + Level 2.5 Dodging
 + Level 2.2 Stealth
 + Level 5.6 Spellcasting


You couldn't memorise any spells.
You knew the following spells:

 Your Spells              Type           Power      Damage    Failure   Level
a - Magic Dart            Conj           100%       1d8       1%          1
b - Searing Ray           Conj           80%        2d7       1%          2
c - Dazzling Flash        Conj/Hex       80%        N/A       3%          3
d - Fulminant Prism       Conj/Hex       20%        3d13      12%         4
e - Iskenderun's Mystic   Conj/Tloc      40%        2d9       12%         4
f - Sting                 Tmut/Pois      100%       1d8       1%          1
g - Scorch                Fire           80%        2d9       1%          2
Your spell library was empty.

Dungeon Overview and Level Annotations

Branches:
Dungeon (3/15)

Altars:
Elyvilon


Innate Abilities, Weirdness & Mutations

You are immune to sickness and miasma.
You are immune to poison.
Your flesh is very heat resistant. (rF++)
You are vulnerable to cold. (rC-)
You float through the air rather than walking.
You learn spells naturally, not from books.
Your magical power is your life essence.
You have superior vitality. (+4 MHP)


Message History

You feel a surge of power!
The searing ray misses the scorpion.
The searing ray misses the ball python. (Press . to maintain the ray.)
The scorpion closely misses you.
The searing ray hits the scorpion but does no damage.
The scorpion is moderately wounded.
The searing ray hits the ball python!
You kill the ball python!
The scorpion closely misses you.
The searing ray hits the scorpion.
The scorpion is heavily wounded.
The scorpion closely misses you. The scorpion misses you.
The searing ray misses the scorpion.
You finish channelling your searing ray.
The scorpion stings you.
* * * LOW HITPOINT WARNING * * *
Casting: Searing Ray (safe; 1% risk of failure)
Confirm with . or Enter, or press ? or * to list all spells.
You feel a surge of power!
Flames lash the scorpion.
The scorpion is severely wounded.
The scorpion's fire resistance burns away.
* * * LOW HITPOINT WARNING * * *
The scorpion stings you but does no damage.
You barely miss the scorpion.
The scorpion is severely wounded.
The scorpion barely misses you. The scorpion stings you.
* * * LOW HITPOINT WARNING * * *
You hit the scorpion but do no damage.
The scorpion is severely wounded.
The scorpion stings you but does no damage.
You closely miss the scorpion.
The scorpion is severely wounded.
The scorpion is no longer more vulnerable to fire.
The scorpion stings you.
* * * LOW HITPOINT WARNING * * *
The scorpion barely misses you.
You hit the scorpion.
The scorpion is almost dead.
The scorpion stings you.
You die...

######...#####'##
...#
######...†.########
##'###
#...†.........
.....#
#......######
.....# #......#
..<..# #......#
###### #......#
#......# ####+#@#
#s# ... .#.#. ####
#+#.#.# ...# ..# #
##.# ... ##.# # .##
..+#.##.


You could see a scorpion.

Vanquished Creatures
  Sigmund (D:2)
  Jessica (D:2)
  Ijyb (D:3)
  4 adders
  2 worms (D:2)
  2 dart slugs
  3 orcs (D:3)
  8 ball pythons
  3 bats (D:2)
  4 endoplasms
  3 giant cockroaches
  6 goblins
  3 hobgoblins
  4 jackals (D:3)
  4 kobolds
  2 quokkas
  3 frilled lizards
  7 rats
61 creatures vanquished.

Notes
Turn   | Place    | Note
-------+----------+-------------------------------------------
     0 | D:1      | javelincjr the Djinni Conjurer began the quest for the Orb.
     0 | D:1      | javelincjr set off with the following spells memorised:
                  | Magic Dart, Searing Ray, Dazzling Flash, Fulminant Prism,
                  | Iskenderun's Mystic Blast.
     0 | D:1      | Reached XP level 1. HP: 15/15 MP: 0/0
   146 | D:1      | Reached XP level 2. HP: 18/21 MP: 0/0
   625 | D:1      | Reached XP level 3. HP: 22/25 MP: 0/0
   625 | D:1      | Learned a level 1 spell: Sting
   964 | D:2      | Reached skill level 4 in Spellcasting
  1190 | D:2      | Reached XP level 4. HP: 27/31 MP: 0/0
  1361 | D:2      | Noticed Sigmund
  1369 | D:2      | Killed Sigmund
  1370 | D:2      | Reached skill level 5 in Spellcasting
  1370 | D:2      | Reached XP level 5. HP: 11/35 MP: 0/0
  1370 | D:2      | Learned a level 2 spell: Scorch
  1370 | D:2      | Reached XP level 6. HP: 13/40 MP: 0/0
  1746 | D:2      | Noticed Jessica
  1751 | D:2      | Killed Jessica
  1943 | D:3      | Found a faded altar of an unknown god.
  1983 | D:3      | Found a white marble altar of Elyvilon.
  2148 | D:3      | Noticed Ijyb
  2162 | D:3      | Killed Ijyb
  2509 | D:3      | Slain by a scorpion

Illustrated notes

Levels and vault maps discovered:
D:1:      onia_arrival_pentagram, layout_rooms, roderic_lattice_a
D:2:      cheibrodos_helix_gallery, layout_rooms, uniq_jessica, uniq_sigmund
D:3:      layout_basic, elyvilon_altar_5, hellmonk_ecumenical_altar_run_dry,
          uniq_crazy_yiuf_cottage, uniq_ijyb

Skill      XL: |  1  2  3  4 |
---------------+-------------+-----
Spellcasting   | 4 5 |  5.6
Stealth        | 2 |  2.2
Fighting       | |  0.1
Polearms       | |  0.1
Throwing       | |  0.2
Dodging        | |  2.5

Action                   |  1- 3 |  4- 6 || total
-------------------------+-------+-------++-------
Melee: Club              |       |    32 ||    32
       Halberd           |       |     9 ||     9
Throw: Boomerang         |       |    10 ||    10
 Cast: Magic Dart        |    49 |    23 ||    72
       Searing Ray       |     3 |     7 ||    10
       Sting             |       |     1 ||     1
       Scorch            |       |     1 ||     1
 Stab: Sleeping          |       |     2 ||     2
Armor: Robe              |       |    15 ||    15
Dodge: Dodged            |       |    41 ||    41
